 Dungeon Crawl Stone Soup version 0.12.3 (webtiles) character file.

76 Chiseanne the Grave Robber (level 3, -3/24 HPs)
             Began as a Mummy Necromancer on Sept 28, 2013.
             Splashed by acid (9 damage)
             ... on Level 2 of the Dungeon.
             The game lasted 00:06:14 (983 turns).

Chiseanne the Grave Robber (Mummy Necromancer)       Turns: 983, Time: 00:06:14

HP  -3/24        AC  5     Str 11      XL: 3   Next: 25%
MP   6/6         EV 11     Int 15      God:
Gold 38          SH  0     Dex 12      Spells:  3 memorised,  0 levels left

Res.Fire  : x . .   See Invis. : .   s - +1,-2 great sword
Res.Cold  : + . .   Warding    : .   n - +2 leather armour {rPois}
Life Prot.: + + +   Conserve   : .   (no shield)
Res.Poison: +       Res.Corr.  : .   (no helmet)
Res.Elec. : .       Clarity    : .   (no cloak)
Sust.Abil.: . .     Spirit.Shd : .   (no gloves)
Res.Mut.  : .       Stasis     : .   (no boots)
Res.Rott. : +       Ctrl.Telep.: .   (no amulet)
Saprovore : . . .   Flight     : .   (no ring)
                                     l - ring of flight

@: slightly resistant to hostile enchantments, unstealthy
A: no food or potions, fire vulnerability, restore body, cold resistance 1, life
protection 3, poison resistance, torment resistance, unbreathing
a: Evoke Flight


You were on level 2 of the Dungeon.
You were not hungry.

You visited 1 branch of the dungeon, and saw 2 of its levels.

You collected 18 gold pieces.

Inventory:

Hand weapons
 d - a +0,+0 mace
 s - a +1,-2 great sword (weapon)
Missiles
 e - 31 poisoned needles
 h - 3 darts (quivered)
Armour
 n - a +2 leather armour of poison resistance (worn)
Comestibles
 f - a bread ration
 r - a pear
Scrolls
 a - a scroll of curse weapon {unknown}
Jewellery
 l - a ring of flight (left hand)
Potions
 c - a potion of heal wounds {unknown}
 g - a potion of brilliance {unknown}
 i - a potion of restore abilities {unknown}
 k - 2 potions of curing {unknown}
 m - a potion of might {unknown}
 q - a potion of cure mutation {unknown}
Books
 b - a book of Necromancy

   Spells                             Type                      Level
   *Pain                              Necromancy                   1
   *Animate Skeleton                  Necromancy                   1
   Lethal Infusion                    Charms/Necromancy            2
   *Vampiric Draining                 Necromancy                   3
   Regeneration                       Charms/Necromancy            3
   Animate Dead                       Necromancy                   4
   Control Undead                     Necromancy                   4


   Skills:
 * Level 0.6 Fighting
 - Level 0.2 Maces & Flails
 * Level 1.7 Dodging
 - Level 1.5 Stealth
 * Level 1.6 Spellcasting
 * Level 4.4 Necromancy
 * Level 0.5 Evocations


You couldn't memorise any spells.
You knew the following spells:

 Your Spells              Type           Power        Failure   Level  Hunger
a - Pain                  Necr           ###..        6%          1    N/A
b - Animate Skeleton      Necr           N/A          6%          1    N/A
c - Vampiric Draining     Necr           ###.......   17%         3    N/A

Dungeon Overview and Level Annotations

Branches:
Dungeon (2/27)

Altars:


Innate Abilities, Weirdness & Mutations

You do not eat or drink.
Your flesh is vulnerable to fire.
Your flesh is cold resistant.
You are immune to negative energy.
Your system is resistant to poisons.
You are immune to unholy pain and torment.
You can survive without breathing.


Message History

The jelly is lightly wounded.
You hear a slurping noise.
Throwing (i - inventory. (,) - cycle):
p - a javelin (quivered)
Press: ? - help, Shift-Dir - straight line, f/p - jelly
Aim: a jelly You throw a javelin.
The javelin hits the jelly.
The jelly is lightly wounded.
You hear a slurping noise.
The jelly closely misses you.
You slash the jelly!
The jelly is moderately wounded.
The jelly hits you.
You are splashed with acid!
The acid burns!
Ouch! That really hurt!
* * * LOW HITPOINT WARNING * * *
You slash the jelly!
The jelly is almost dead.
The jelly closely misses you. The jelly hits you.
* * * LOW HITPOINT WARNING * * *
You are splashed with acid!
The acid burns!
You die...

# #..........######.#.####
....##.#.......................
...........................#...
(...##.#.##........###.........
# #.##.......)....J.......
#.##........###.....#JJ.
#.##........# #.....#...
#.##........# #.....#...
#.##...@....# #.....#...
#.####.J##.####.....#... #.#
#..##.##.....######
.#.####..##.##.....#
....................#
.................#.#
........#....#####.###
.............# #...#
..(....#....# #...#


You could see a jelly.

Vanquished Creatures
  An adder (D:2)
  4 oozes (D:2)
  A giant cockroach (D:1)
  2 goblins
  5 hobgoblins (D:1)
  4 bats (D:1)
  5 kobolds (D:1)
  2 rats (D:1)
24 creatures vanquished.

Notes
Turn   | Place    | Note
--------------------------------------------------------------
     0 | D:1      | Chiseanne, the Mummy Necromancer, began the quest for the Orb.
     0 | D:1      | Reached XP level 1. HP: 13/13 MP: 3/3
   201 | D:1      | Reached XP level 2. HP: 19/19 MP: 1/4
   807 | D:2      | Reached XP level 3. HP: 16/24 MP: 3/6
   810 | D:2      | Learned a level 1 spell: Animate Skeleton
   814 | D:2      | Learned a level 3 spell: Vampiric Draining
   983 | D:2      | Splashed by acid

Action                   || total
-------------------------++-------
Melee: Mace              ||    13
       Great sword       ||    21
Throw: Dart              ||     7
       Javelin           ||     2
 Cast: Pain              ||    25
  Use: Scroll            ||     5
